 Dungeon Crawl Stone Soup version 0.24-a0-537-g2d01d4a (webtiles) character file.

Game seed: 12052832560103615600

175228 Dorkslayer the Severer (level 17, -1/166 HPs)
             Began as a Minotaur Abyssal Knight on Aug 12, 2019.
             Was the Champion of Lugonu.
             Killed by nerve-wracking pain
             ... invoked by an Executioner
             ... summoned by Asterion
              (12 damage)
             ... on level 1 of the Abyss on Aug 13, 2019.
             The game lasted 03:04:22 (25490 turns).

Dorkslayer the Severer (Minotaur Abyssal Knight)   Turns: 25490, Time: 03:04:24

Health: -1/166     AC: 38    Str: 27    XL:     17   Next: 46%
Magic:  23/24      EV: 10    Int: -3 (9) God:    Lugonu [******]
Gold:   738        SH: 14    Dex: 16    Spells: 16/16 levels left

rFire    + + .     SeeInvis +   z - +9 broad axe (distort)
rCold    + + .     Gourm    .   L - +0 shield {AC+3}
rNeg     . . .     Faith    .   X - +15 plate armour of Zoumyoc {rPois Str+3}
rPois    +         Spirit   .   G - +1 hat {SInv}
rElec    .         Reflect  .   q - +2 cloak {rC+}
rCorr    +         Harm     .   m - +2 pair of gloves
MR       +....                  Q - +2 pair of boots
Stlth    ..........             a - amulet of Xacughe {*Corrode +Blink Regen+ Dex+5 Stlth+}
HPRegen  0.77/turn              l - ring of resist corrosion
MPRegen  0.19/turn              r - ring of the Pariah {rF+ rC+ Str+5}

@: corroded, hasted and slowed, lost intelligence
A: retaliatory headbutt, claws 1, horns 2, molten scales 1, deformed body, fire
resistance 1, weak 2, subdued magic 1
a: Depart the Abyss, Bend Space, Banish, Corrupt, Enter the Abyss, Renounce
Religion, Evoke Blink


You were on level 1 of the Abyss.
You worshipped Lugonu.
Lugonu was exalted by your worship.
You were not hungry.

You visited 4 branches of the dungeon, and saw 27 of its levels.
You visited the Abyss 2 times.
You also visited: Sewer, Bailey and Ice Cave.

You collected 3114 gold pieces.
You spent 2376 gold pieces at shops.

Inventory:

Hand Weapons
 z - a +9 broad axe of distortion (weapon)
Missiles
 b - 13 silver boomerangs
 e - 52 boomerangs (quivered)
 H - 6 javelins
Armour
 i - the +13 plate armour "Qetoguh" {rC+}
   (You found it on level 8 of the Dungeon)

   It protects you from cold.
 m - a +2 pair of gloves (worn)
 q - a +2 cloak of cold resistance (worn)
 G - a +1 hat of see invisible (worn)
 I - a +0 large shield
 L - a +0 shield of protection (worn)
 Q - a +2 pair of boots (worn)
 V - a scarf of cloud immunity
 X - the +15 plate armour of Zoumyoc (worn) {rPois Str+3}
   (You bought it in a shop on level 2 of the Orcish Mines)

   It affects your strength (+3).
   It protects you from poison.
Jewellery
 a - the amulet of Xacughe (around neck) {*Corrode +Blink Regen+ Dex+5 Stlth+}
   (You took it off Josephine on level 10 of the Dungeon)

   [amulet of regeneration]

   It affects your dexterity (+5).
   It lets you blink.
   It increases your rate of regeneration.
   It may corrode you when you take damage.
   It makes you more stealthy.
 l - a ring of resist corrosion (left hand)
 r - the ring of the Pariah (right hand) {rF+ rC+ Str+5}
   (You bought it in a shop on level 9 of the Dungeon)

   [ring of strength]

   It affects your strength (+5).
   It protects you from fire.
   It protects you from cold.
 v - an uncursed ring of positive energy
Wands
 j - a wand of flame (91)
 u - a wand of disintegration (9)
 w - a wand of iceblast (6)
 y - a wand of digging (21)
 A - a wand of enslavement (6)
 D - a wand of random effects (17)
 J - a wand of paralysis (24)
 O - a wand of polymorph (8)
Scrolls
 f - 2 scrolls of fog
 g - a scroll of fear
 h - 14 scrolls of teleportation
 o - 8 scrolls of immolation
 x - 7 scrolls of remove curse
 K - 2 scrolls of magic mapping
 M - a scroll of blinking
 R - 2 scrolls of identify
 S - 2 scrolls of silence
Potions
 d - 7 potions of magic
 n - 3 potions of agility
 p - 2 potions of ambrosia
 s - 3 potions of flight
 t - 6 potions of brilliance
 F - a potion of cancellation
 N - a potion of invisibility
Miscellaneous
 k - a lightning rod (1/4)
 E - a fan of gales
 T - a phial of floods
Comestibles
 c - 50 rations


   Skills:
 * Level 18.5 Fighting
 + Level 18.6 Axes
 + Level 5.4 Throwing
 + Level 12.9 Armour
 + Level 4.6 Dodging
 + Level 3.0 Stealth
 * Level 12.2 Shields
 * Level 9.5 Invocations
 * Level 11.5 Evocations


You had 16 spell levels left.
You didn't know any spells.
Your spell library contained the following spells:

 Spells                   Type           Power        Failure   Level  Hunger
 Beastly Appendage        Tmut           #.....       100%        1    ##.....
 Corona                   Hex            #......      100%        1    ##.....
 Magic Dart               Conj           #...         100%        1    ##.....
 Sting                    Conj/Pois      #...         100%        1    ##.....
 Blink                    Tloc           N/A          100%        2    ###....
 Call Imp                 Summ           #.......     100%        2    ###....
 Corpse Rot               Necr           N/A          100%        2    ###....
 Poisonous Vapours        Pois/Air       #.....       100%        2    ###....
 Slow                     Hex            #.......     100%        2    ###....
 Sticks to Snakes         Tmut           #.......     100%        2    ###....
 Conjure Flame            Conj/Fire      #.......     100%        3    ####...
 Inner Flame              Hex/Fire       #.......     100%        3    ####...
 Mephitic Cloud           Conj/Pois/Air  #.......     100%        3    ####...
 Portal Projectile        Hex/Tloc       #.....       100%        3    ####...
 Spider Form              Tmut/Pois      #.........   100%        3    ####...
 Stone Arrow              Conj/Erth      #.....       100%        3    ####...
 Cause Fear               Hex            #.........   100%        4    #####..
 Ice Form                 Ice/Tmut       #.......     100%        4    #####..
 Leda's Liquefaction      Hex/Erth       #.........   100%        4    #####..
 Olgreb's Toxic Radiance  Pois           #.......     100%        4    #####..
 Blade Hands              Tmut           #.........   100%        5    ######.
 Summon Forest            Summ/Tloc      #.........   100%        5    ######.
 Venom Bolt               Conj/Pois      #.........   100%        5    ######.
 Hydra Form               Tmut           #.........   100%        6    #######
 Summon Hydra             Summ           #.........   100%        7    #######


Dungeon Overview and Level Annotations

Branches:
Dungeon (15/15)            Temple (0/1) D:6            Lair (6/6) D:8
  Swamp (0/4) Lair:4        Snake (4/4) Lair:4        Slime (0/5) Lair:5
    Orc (2/2) D:10            Elf (0/3) Orc:2        Vaults (0/5) D:14
 Depths (0/5) D:15

Altars:
Cheibriados
Kikubaaqudgha
Makhleb
Nemelex Xobeh
Sif Muna
Vehumet
Zin
Beogh
Jiyva

Shops:
D:7 *   D:9 =   D:10 }   Orc:2 }*([:   Snake:3 }}=

Annotations:
D:14 2 transporters, felly21's ghost, journeyman DsBe
Abyss:1 Asterion; Rupert


Innate Abilities, Weirdness & Mutations

You reflexively headbutt those who attack you in melee.
You have a pair of horns on your head.
You have sharp fingernails.
You are partially covered in molten scales. (AC +2)
Armour fits poorly on your strangely shaped body.
Your flesh is heat resistant. (rF+)
You are very weak. (Str -4)
Your spells are a little easier to cast, but a little less powerful.


Message History

The iron imp is lightly wounded.
The thunderbolt hits the Executioner.
The Executioner resists.
The Executioner is lightly wounded.
The thunderbolt hits the large abomination!!
The large abomination is heavily damaged.
You block the Executioner's attack. x2
The Executioner hits you but does no damage. x3
The Executioner barely misses you. You block the Executioner's attack.
The Executioner hits you but does no damage.
The Executioner hits you.
* * * LOW HITPOINT WARNING * * *
The large abomination hits you!!
* * * LOW HITPOINT WARNING * * *
You feel better. The Executioner closely misses you.
You block the Executioner's attack. x2
The Executioner gestures at you. You resist with some effort.
The Executioner gestures at you. Pain shoots through your body!
You die...

####.....#'###. .
.'........... ##
##....v......
##..... .....
##.....#.## #
#.#...5.#.###.#.
........H........
........1X.......
#####....@..##
#.......#
#.......#
#.......#
#.........
#..........
#......#....
#...........#


You could see Asterion, an Executioner, a spatial vortex, a large abomination
and an iron imp.

Vanquished Creatures
  Mara (Snake:3)
  Jorgrun (Snake:2)
  Gastronok (Lair:3)
  7 nagarajas
  4 dire elephants (Lair:6)
  An ettin (Orc:2)
  Josephine (D:10)
  The ghost of Vuyboti the Covert, a journeyman OpAs of Dithmenos (Lair:3)
  An ice dragon (shapeshifter) (D:10)
  8 naga warriors
  A rakshasa (D:15)
  5 hydras
  4 vault guards (D:14)
  A death knight (D:10)
  11 anacondas
  3 centaur warriors
  4 two-headed ogres
  The ghost of spsoon the Thaumaturge, a novice GnWz of Cheibriados (D:10)
  A tengu warrior (D:13)
  An orc high priest (Orc:2)
  7 naga sharpshooters
  Nergalle (Orc:1)
  4 shock serpents
  Sonja (D:11)
  A spatial maelstrom (Abyss:1)
  The ghost of Ihryk the Magician, a novice GnSk of Nemelex Xobeh (D:7)
  3 skeletal warriors (D:12)
  A glowing orange brain (D:15)
  A wizard (D:14)
  An unseen horror (shapeshifter) (D:15)
  5 naga ritualists
  4 sea snakes (Snake:1)
  2 unseen horrors
  4 orc knights (Orc:2)
  2 deep elf magi
  4 oklob plants (Lair:2)
  4 orc sorcerers (Orc:2)
  7 ugly things
  3 cyclopes
  6 mana vipers
  4 manticores
  A worldbinder (Abyss:1)
  5 salamanders
  8 guardian serpents (Snake:4)
  4 elephants
  A torpor snail (shapeshifter) (D:15)
  15 naga magi
  An apocalypse crab (Abyss:1)
  2 gargoyles (D:14)
  27 black mambas
  6 spiny frogs
  A torpor snail (Lair:6)
  An ice statue (IceCv)
  3 kobold demonologists
  10 ice devils (IceCv)
  A rime drake (Lair:2)
  4 komodo dragons
  A komodo dragon (shapeshifter) (D:14)
  2 tengu conjurers
  2 trolls
  3 meliai (D:12)
  2 queen bees
  A hornet (D:10)
  A harpy skeleton (D:15)
  Prince Ribbit (D:6)
  11 dream sheep (Lair:6)
  19 blink frogs
  6 hippogriffs
  A meliai zombie (D:14)
  2 slime creatures (D:15)
  A large abomination (Abyss:1)
  2 shadows
  2 vampires
  65 yaks
  A ynoxinul (Abyss:1)
  4 hogs (D:7)
  6 wraiths
  7 wyverns
  6 hungry ghosts
  5 basilisks
  A human (D:7)
  3 fire bats (Abyss:1)
  3 neqoxecs (Abyss:1)
  3 steam dragons (Lair:2)
  A golden eye (Abyss:1)
  11 vampire mosquitoes
  8 wargs
  32 nagas
  Edmund (D:6)
  13 water moccasins
  8 porcupines
  25 orc warriors
  3 ice beasts
  5 phantoms
  3 black bears
  2 hornet zombies
  18 ogres
  4 sky beasts
  A small abomination (Abyss:1)
  12 wolves
  9 centaurs
  17 crocodiles
  6 big kobolds
  9 gnoll sergeants
  20 bullfrogs
  Blork the orc (Orc:2)
  A wyvern zombie (D:14)
  An earth elemental (Abyss:1)
  2 scorpions
  17 wights
  63 killer bees
  6 electric eels
  6 crimson imps
  2 bullfrog zombies
  4 starcursed masses (Abyss:1)
  A quasit (D:9)
  2 bullfrog skeletons
  9 hounds
  12 jellies
  4 centaur skeletons
  26 orc priests
  6 gnoll shamans
  7 iguanas
  19 orc wizards
  14 worker ants
  2 hound zombies
  A hound skeleton (D:7)
  Robin (D:2)
  A worker ant zombie (D:8)
  11 adders
  39 gnolls
  A howler monkey skeleton (D:10)
  A river rat (D:3)
  A shadow imp (D:15)
  10 white imps (IceCv)
  3 ufetubi
  6 oozes
  4 worms
  6 leopard geckos
  75 orcs
  A bat zombie (D:8)
  8 giant cockroaches
  23 goblins
  8 hobgoblins
  11 jackals
  29 kobolds
  5 quokkas
  6 ball pythons
  16 bats
  3 frilled lizards
  A jackal zombie (D:6)
  A quokka skeleton (D:5)
  5 rats
  A rat zombie (D:8)
  10 fungi
  10 plants
1086 creatures vanquished.

Vanquished Creatures (collateral kills)
  A vampire mosquito (D:15)
1 creature vanquished.

Vanquished Creatures (others)
  An orc warlord (Orc:2)
  A reaper (IceCv)
  A dire elephant (Lair:6)
  A fire dragon (D:15)
  4 naga warriors
  2 hydras
  An anaconda (Lair:6)
  A two-headed ogre (D:13)
  A naga sharpshooter (Snake:4)
  2 slime creatures (Lair:3)
  A salamander mystic (Snake:1)
  2 naga ritualists (Snake:4)
  A mana viper (Snake:1)
  An ugly thing (D:15)
  A guardian serpent (Snake:4)
  An elephant (Lair:6)
  A naga mage (Snake:4)
  An ice statue (IceCv)
  2 centaur skeletons
  A spiny frog (Lair:1)
  A kobold demonologist (D:14)
  A blink frog (Lair:6)
  4 yaks
  A hungry ghost (D:13)
  3 nagas
  An acid dragon (D:14)
  3 orc warriors (Orc:2)
  A crocodile (Lair:2)
  A bullfrog (Lair:4)
  A small abomination (Abyss:1)
  2 killer bees (Lair:2)
  A gnoll shaman (Bailey)
  An adder (D:10)
  5 white imps (IceCv)
  3 ufetubi (IceCv)
  A bush (Lair:6)
  24 fungi
  13 plants
94 creatures vanquished.

Grand Total: 1181 creatures vanquished

Notes
Turn   | Place    | Note
-------+----------+-------------------------------------------
     0 | Abyss:1  | Dorkslayer the Minotaur Abyssal Knight began the quest for
                  | the Orb.
     0 | Abyss:1  | Reached XP level 1. HP: 19/19 MP: 1/1
    44 | Abyss:1  | Noticed a ynoxinul
    46 | D:1      | Escaped the Abyss
   136 | D:1      | Reached * piety under Lugonu
   267 | D:1      | Reached XP level 2. HP: 27/27 MP: 2/2
   558 | D:2      | Reached XP level 3. HP: 19/33 MP: 3/3
   610 | D:2      | Found a sparkling altar of Nemelex Xobeh.
   853 | D:2      | Reached ** piety under Lugonu
   858 | D:2      | Reached XP level 4. HP: 33/41 MP: 4/4
   929 | D:2      | Noticed Robin
   941 | D:2      | Killed Robin
   941 | D:2      | Reached skill level 5 in Fighting
  1458 | D:3      | Found a glowing drain.
  1483 | Sewer    | Entered a sewer
  1760 | Sewer    | Reached XP level 5. HP: 48/48 MP: 5/5
  1823 | Sewer    | Reached *** piety under Lugonu
  2027 | D:3      | Gained mutation: Your body sometimes deteriorates upon
                  | taking damage. [potion of mutation]
  2027 | D:3      | Gained mutation: You are partially covered in molten
                  | scales. (AC +2) [potion of mutation]
  2027 | D:3      | Gained mutation: You tend to lose your temper in combat.
                  | [potion of mutation]
  2027 | D:3      | Gained mutation: Your flesh is heat resistant. (rF+)
                  | [potion of mutation]
  2272 | D:3      | Found a glowing silver altar of Zin.
  2272 | D:3      | Found a shimmering blue altar of Sif Muna.
  2348 | D:3      | Noticed an ogre
  2366 | D:3      | Killed an ogre
  2366 | D:3      | Reached skill level 1 in Evocations
  2366 | D:3      | Reached XP level 6. HP: 18/57 MP: 6/6
  2841 | D:4      | Reached skill level 5 in Axes
  3056 | D:4      | Reached XP level 7. HP: 24/63 MP: 7/7
  3655 | D:5      | Entered Level 5 of the Dungeon
  3853 | D:5      | Reached skill level 1 in Throwing
  4038 | D:5      | Reached XP level 8. HP: 71/71 MP: 9/9
  4045 | D:5      | Reached **** piety under Lugonu
  4283 | D:5      | Reached skill level 5 in Armour
  4554 | D:6      | Noticed Edmund
  4581 | D:6      | Killed Edmund
  4604 | D:6      | Found a staircase to the Ecumenical Temple.
  4844 | D:6      | Noticed Prince Ribbit
  4858 | D:6      | Reached XP level 9. HP: 51/81 MP: 9/11
  4878 | D:6      | Killed Prince Ribbit
  4927 | D:6      | Found a radiant altar of Vehumet.
  5412 | D:7      | Found a snail-covered altar of Cheibriados.
  5504 | D:7      | Found a transporter.
  5504 | D:7      | Noticed Ihryk's ghost (novice GnSk)
  5506 | D:7      | Found a transporter.
  5506 | D:7      | Identified the +4 great mace of Wedejyig {freeze, -Tele
                  | rN++ SInv}
  5519 | D:7      | Found Kamaw's Mayhem Merchandise.
  5533 | D:7      | Bought a wand of iceblast (13) for 238 gold pieces
  5533 | D:7      | Bought a +0 broad axe for 56 gold pieces
  5765 | D:7      | Reached skill level 5 in Evocations
  5864 | D:8      | Noticed a two-headed ogre
  5881 | D:7      | Reached ***** piety under Lugonu
  6046 | D:8      | Killed a two-headed ogre
  6046 | D:8      | Reached XP level 10. HP: 63/92 MP: 11/13
  6052 | D:8      | Reached skill level 10 in Axes
  6231 | D:8      | Found a staircase to the Lair.
  6283 | D:8      | Got a dazzling plate armour
  6294 | D:8      | Identified the +13 plate armour "Qetoguh" {rC+} (You found
                  | it on level 8 of the Dungeon)
  6447 | D:8      | Reached skill level 10 in Fighting
  6499 | D:8      | Found an ancient bone altar of Kikubaaqudgha.
  6659 | D:9      | Found Byula's Jewellery Shop.
  7379 | D:10     | Entered Level 10 of the Dungeon
  7608 | D:10     | Noticed Josephine
  7610 | D:10     | Noticed a deep elf mage
  7611 | D:10     | Noticed a death knight
  7639 | D:10     | Killed an unseen horror
  7639 | D:10     | Reached XP level 11. HP: 8/102 MP: 14/14
  8092 | D:10     | Noticed a two-headed ogre
  8097 | D:10     | Killed a two-headed ogre
  8126 | D:10     | Found Joetumonk's Gadget Shoppe.
  8448 | D:11     | Noticed a red ugly thing
  8459 | D:11     | Killed a red ugly thing
  8686 | D:11     | Identified the cursed +1 hunting sling of Fee Simple
                  | {velocity, MP+9 Str+3 Int-3 Dex+4}
  9092 | D:11     | Noticed Sonja
  9094 | D:11     | Reached ****** piety under Lugonu
  9098 | D:11     | Killed Sonja
  9118 | D:11     | Killed an unseen horror
  9643 | D:12     | Noticed a skeletal warrior
  9646 | D:12     | Noticed a skeletal warrior
  9647 | D:12     | Noticed a skeletal warrior
  9654 | D:12     | Killed a skeletal warrior
  9657 | D:12     | Killed a skeletal warrior
  9662 | D:12     | Killed a skeletal warrior
  9662 | D:12     | Reached XP level 12. HP: 40/113 MP: 16/16
  9995 | D:12     | Found a snail-covered altar of Cheibriados.
 10085 | D:12     | Reached skill level 10 in Armour
 10469 | D:13     | Found a flagged portal.
 10475 | Bailey   | Entered a bailey
 10654 | Bailey   | Got a pair of heavily runed gloves
 10670 | Bailey   | Identified the cursed -4 pair of gloves of Vuujoq {rN+
                  | Regen+ SInv} (You found it in a bailey)
 10748 | D:13     | Noticed a tengu warrior
 10749 | D:13     | Noticed a centaur warrior
 10754 | D:13     | Identified a +7 broad axe of distortion (a +5 broad axe
                  | corrupted by Lugonu)
 10754 | D:13     | Received a gift from Lugonu
 10761 | D:13     | Noticed a centaur warrior
 10762 | D:13     | Killed a tengu warrior
 10763 | D:13     | Killed a centaur warrior
 10766 | D:13     | Killed a centaur warrior
 10769 | D:13     | Noticed an eight-headed hydra
 10778 | D:13     | Killed an 11-headed hydra
 10813 | D:13     | Found a frozen archway.
 10813 | D:13     | Noticed a two-headed ogre
 10822 | IceCv    | Entered an ice cave
 11068 | IceCv    | Killed a reaper
 11298 | D:13     | Killed a two-headed ogre
 11357 | D:13     | Reached XP level 13. HP: 124/124 MP: 18/18
 11373 | D:13     | Found a burning altar of Makhleb.
 11373 | D:13     | Noticed a cacodemon
 11457 | D:13     | Reached skill level 15 in Axes
 11904 | D:14     | Reached skill level 1 in Shields
 12029 | D:14     | Found a transporter.
 12068 | D:14     | Found a gate to the Vaults.
 12296 | D:14     | Noticed felly21's ghost (journeyman DsBe)
 12309 | D:14     | Found a transporter.
 12768 | D:15     | Entered Level 15 of the Dungeon
 12951 | D:15     | Reached skill level 15 in Fighting
 13218 | D:15     | Gained mutation: You do not regenerate when monsters are
                  | visible. [a neqoxec]
 13349 | D:15     | Reached XP level 14. HP: 135/135 MP: 19/19
 13417 | D:15     | Found a staircase to the Depths.
 13693 | D:10     | Found a runed translucent gate.
 13693 | D:10     | Found a runed translucent gate.
 13693 | D:10     | Found a runed translucent gate.
 13693 | D:10     | Noticed spsoon's ghost (novice GnWz)
 13878 | D:10     | Killed spsoon's ghost
 13917 | D:10     | Reached skill level 5 in Shields
 14002 | D:10     | Identified the amulet of Xacughe {*Corrode +Blink Regen+
                  | Dex+5 Stlth+}
 14013 | D:10     | Killed Josephine
 14046 | D:10     | Found a staircase to the Orcish Mines.
 14829 | D:9      | Bought the ring of the Pariah {rF+ rC+ Str+5} for 684 gold
                  | pieces
 14922 | D:7      | Killed Ihryk's ghost
 14922 | D:7      | Reached skill level 5 in Invocations
 15036 | Lair:1   | Entered Level 1 of the Lair of Beasts
 15786 | Lair:2   | Reached skill level 1 in Stealth
 16253 | Lair:2   | You fall into a shaft and drop 2 floors!
 16260 | Lair:4   | Found a staircase to the Snake Pit.
 16322 | Lair:3   | Found a runed translucent gate.
 16323 | Lair:3   | Found a runed translucent gate.
 16324 | Lair:3   | Found a runed translucent gate.
 16325 | Lair:3   | Noticed Vuyboti's ghost (journeyman OpAs)
 16386 | Lair:3   | Noticed Gastronok
 16441 | Lair:3   | Killed Gastronok
 16995 | Lair:3   | Found a viscous altar of Jiyva.
 17020 | Lair:3   | Killed Vuyboti's ghost
 17642 | Lair:4   | Reached XP level 15. HP: 144/144 MP: 21/21
 17721 | Lair:4   | Lost mutation: You tend to lose your temper in combat.
                  | [potion of mutation]
 17721 | Lair:4   | Lost mutation: You do not regenerate when monsters are
                  | visible. [potion of mutation]
 17721 | Lair:4   | Lost mutation: Your body sometimes deteriorates upon taking
                  | damage. [potion of mutation]
 17721 | Lair:4   | Gained mutation: You are weak. (Str -2) [potion of
                  | mutation]
 17721 | Lair:4   | Gained mutation: You are very weak. (Str -4) [potion of
                  | mutation]
 17721 | Lair:4   | Gained mutation: Armour fits poorly on your strangely
                  | shaped body. [potion of mutation]
 17721 | Lair:4   | Gained mutation: You have sharp fingernails. [potion of
                  | mutation]
 17995 | Lair:4   | Found a staircase to the Swamp.
 18362 | Lair:5   | Found a staircase to the Slime Pits.
 18546 | Lair:5   | Noticed Rupert
 18553 | Lair:5   | Banished Rupert
 18601 | Lair:6   | Entered Level 6 of the Lair of Beasts
 18779 | Lair:6   | Found the +8 Wrath of Trog {antimagic, *Rage}
 19139 | Lair:6   | Reached skill level 10 in Evocations
 19257 | Lair:6   | Identified a scroll of acquirement
 19989 | Orc:1    | Entered Level 1 of the Orcish Mines
 20284 | Orc:2    | Entered Level 2 of the Orcish Mines
 20533 | Orc:2    | Paralysed by an orc sorcerer for 4 turns
 20670 | Orc:2    | Noticed Blork the orc
 20681 | Orc:2    | Killed Blork the orc
 20722 | Orc:2    | Noticed an orc warlord
 20729 | Orc:2    | Banished an orc warlord
 20750 | Orc:2    | Found a roughly hewn altar of Beogh.
 20756 | Orc:2    | Found Miotonuj's Antique Weapon Emporium.
 20772 | Orc:2    | Found Wyamo's Book Emporium.
 20777 | Orc:2    | Found Magh's Antique Armour Emporium.
 20836 | Orc:2    | Reached skill level 5 in Throwing
 20928 | Orc:2    | Found Urureus's General Store.
 20974 | Orc:2    | Found Fiedghie's Armour Shoppe.
 21020 | Orc:2    | Found Dunaeck's Gadget Boutique.
 21161 | Orc:2    | Found a staircase to the Elven Halls.
 21200 | Orc:1    | Noticed Nergalle
 21222 | Orc:1    | Killed Nergalle
 21465 | Orc:2    | Found a roughly hewn altar of Beogh.
 21564 | Orc:2    | Bought a +2 pair of boots for 181 gold pieces
 21564 | Orc:2    | Bought the +15 plate armour of Zoumyoc {rPois Str+3} for
                  | 1217 gold pieces
 21869 | Snake:1  | Entered Level 1 of the Snake Pit
 22014 | Snake:1  | Reached XP level 16. HP: 146/155 MP: 22/22
 22099 | Snake:1  | Noticed Asterion
 22102 | Snake:1  | Noticed an Executioner
 22459 | Snake:1  | Banished Asterion
 23076 | Snake:2  | Noticed Jorgrun
 23289 | Snake:2  | Killed Jorgrun
 23633 | Snake:3  | Reached skill level 10 in Shields
 23652 | Snake:3  | Found Taskairch's Jewellery Emporium.
 23653 | Snake:3  | Found Misof's Gadget Shop.
 23656 | Snake:3  | Found Sicsied's Gadget Shop.
 23908 | Snake:3  | Noticed Mara
 23915 | Snake:3  | Noticed Dorkslayer's illusion
 23939 | Snake:3  | Killed Mara
 24184 | Snake:4  | Entered Level 4 of the Snake Pit
 24743 | Snake:4  | Reached XP level 17. HP: 141/163 MP: 24/24
 25276 | Abyss:1  | Found a blossoming altar of Fedhas.
 25473 | Abyss:1  | Gained mutation: Your spells are a little easier to cast,
                  | but a little less powerful. [a neqoxec]
 25478 | Abyss:1  | Lost intelligence.
 25489 | Abyss:1  | HP: 2/166 [large abomination (24)]
 25490 | Abyss:1  | Killed from afar by an Executioner

Levels and vault maps discovered:
D:1:      dpeg_arrival_radiant, layout_rooms, hangedman_decor_points
D:2:      layout_basic, old_standard_altar, uniq_robin
D:3:      layout_basic, chequers_temple_overflow_statue_of_worship,
          portal_sewer_entry_c, minivault_4, minmay_ogre_servants
D:4:      layout_basic
D:5:      layout_basic, first_ration, hex_medium
D:6:      layout_rooms, minmay_temple_entry_glass, vehumet_altar_wand_db,
          uniq_prince_ribbit1, uniq_edmund
D:7:      layout_rooms, cheibriados_altar_1, gammafunk_ghost_smash,
          minmay_shop_mayhem, corexii_leaking_fountain, grunt_livestock
D:8:      layout_rooms, lemuel_zombie_altar_kikubaaqudgha, lair_entry_dummy,
          small_statue_intersection, chequers_serial_rivers_room_a,
          minmay_curled_crystal, minmay_misc_feat_more_columns
D:9:      layout_cave_pools, serial_shops, shop_statue, serial_co_window_serial,
          co_window_paths_b, co_window_corner_a, co_window_paths_a,
          co_window_corner_a, co_window_corner_a, co_window_corner_b,
          co_window_2corner, co_window_cross_2, co_window_2corner,
          co_window_broadway_c, co_window_of_opportunity_b, co_window_corner_ca,
          glass_columns_a, glass_columns_a, glass_columns_a, glass_columns_b,
          glass_columns_a
D:10:     minmay_the_grid_triangle_9x9_rhombus_thin_mashed
          [minmay_the_grid_triangle_9x9_sparse_checkered,
          minmay_the_grid_triangle_9x9_prize_insulated,
          minmay_the_grid_triangle_9x9_longest,
          minmay_the_grid_triangle_9x9_windchime], layout_loops_ring,
          orc_0_dummy, gammafunk_ghost_split, serial_shops,
          nicolae_shop_temple_entry_statues_fountains, uniq_josephine
D:11:     layout_basic, minmay_holes, uniq_sonja
D:12:     layout_loops_ring, special_room [special_room_bee], basic_altar
D:13:     kennysheep_ambush_hall, layout_rooms, enter_bailey_2,
          portal_ice_cave_entry_pillars_1, makhleb_altar_promises_db
D:14:     layout_roguey, lightli_vaults_fourway_checkpoint, gammafunk_ghost_hive
D:15:     gammafunk_enter_depths_forms, layout_loops_cross
Lair:1:   layout_regular_city, serial_bayou_shore_a
Lair:2:   hangedman_what_comes_after_a, layout_hall_layers,
          nicolae_lair_grove_arrangements, infiniplex_staircase_pool_2
Lair:3:   layout_cave_pods, gammafunk_ghost_ooze, uniq_gastronok
Lair:4:   layout_roguey, minmay_swamp_entry_swarm, guppyfry_snake_entry_island,
          serial_bayou_shore_b, grunt_megastairs_3
Lair:5:   layout_misc_corridors, nicolae_slime_entry_slimehenge,
          infiniplex_staircase_pool, uniq_rupert
Lair:6:   due_jungle_book, layout_misc_corridors, chequers_serial_rivers_micro_b
Snake:1:  layout_basic, uniq_asterion
Snake:2:  layout_basic, grunt_ministairs_5, grunt_megastairs_2,
          lemuel_fruit_tree, uniq_jorgrun
Snake:3:  layout_rooms, minmay_shop_grove, uniq_mara
Snake:4:  grunt_snake_rune_serpentine_throne, layout_misc_corridors,
          serial_bayou_shore_b, serial_bayou_shore_b
Orc:1:    layout_diamond_mine, uniq_nergalle
Orc:2:    grunt_orc_cross, layout_diamond_mine, serial_shops,
          nicolae_shop_stone, nicolae_shop_statue_plus, basic_altar,
          mines5_lemuel
Abyss:1

Skill      XL: |  1  2  3  4  5  6  7  8  9 10 11 12 13 14 15 16 17 |
---------------+----------------------------------------------------+-----
Invocations    | 2 4 5 7 8 9 |  9.5
Fighting       | 4 5 6 7 9 11 12 14 15 16 17 18 | 18.5
Axes           | 3 4 5 6 7 9 11 13 14 16 17 18 | 18.6
Armour         | 3 4 5 7 8 9 10 11 12 | 12.9
Dodging        | 2 3 4 |  4.6
Evocations     | 1 2 3 4 5 6 7 8 9 10 11 | 11.5
Throwing       | 1 2 4 5 |  5.4
Shields        | 4 7 9 11 12 | 12.2
Stealth        | 2 3 |  3.0

Action                   |  1- 3 |  4- 6 |  7- 9 | 10-12 | 13-15 | 16-18 || total
-------------------------+-------+-------+-------+-------+-------+-------++-------
Melee: Hand axe          |    75 |   151 |   293 |       |       |       ||   519
       Headbutt          |    12 |    26 |    59 |   103 |   221 |   112 ||   533
       Broad axe         |       |       |    42 |   552 |  1010 |   390 ||  1994
Throw: Boomerang         |     4 |     3 |    31 |    65 |    47 |     7 ||   157
       Javelin           |       |       |       |       |     8 |     6 ||    14
Invok: Depart the Abyss  |     1 |       |       |       |       |       ||     1
       Bend Space        |       |       |     1 |       |       |     8 ||     9
       Brand Weapon With |       |       |       |     1 |       |       ||     1
       Enter the Abyss   |       |       |       |       |       |     1 ||     1
Evoke: Wand              |       |     1 |    22 |    26 |    46 |    31 ||   126
       Lightning rod     |       |       |       |       |    17 |    13 ||    30
  Use: Scroll            |       |     8 |    13 |    11 |    15 |     3 ||    50
       Potion            |       |     3 |     6 |    10 |     1 |     6 ||    26
 Stab: Confused          |       |       |     1 |       |       |       ||     1
       Distracted        |       |       |       |       |     1 |       ||     1
  Eat: Chunk             |       |     7 |     7 |     7 |    28 |       ||    49
       Ration            |       |       |     1 |    10 |     3 |     3 ||    17
Armor: Leather armour    |    18 |    66 |       |       |       |       ||    84
       Ring mail         |       |    25 |    16 |       |       |       ||    41
       Scale mail        |       |       |    45 |       |       |       ||    45
       Chain mail        |       |       |   110 |    19 |       |       ||   129
       Plate armour      |       |       |       |   434 |   447 |   297 ||  1178
Dodge: Dodged            |    49 |   126 |   167 |   247 |   268 |   144 ||  1001
Block: Buckler           |       |       |       |       |    30 |       ||    30
       Shield            |       |       |       |       |   305 |   274 ||   579

Table legend:
 A = Non-vault XP
 B = Vault XP
 C = Vault XP percentage of total XP
 D = Non-vault monster count
 E = Vault monster count
 F = Vault count percentage of total count
                 A         B        C        D         E       F
            +---------+---------+-------+---------+---------+-------
      Total |  143669 |  106902 |  42.7 |     721 |     395 |  35.4
            +---------+---------+-------+---------+---------+-------
        D:1 |      24 |       0 |   0.0 |      15 |       0 |   0.0
        D:2 |      85 |      34 |  28.6 |      26 |      11 |  29.7
        D:3 |      51 |     171 |  77.0 |       9 |      14 |  60.9
        D:4 |     410 |       0 |   0.0 |      19 |       0 |   0.0
        D:5 |    1320 |       0 |   0.0 |      32 |       0 |   0.0
        D:6 |     765 |     442 |  36.6 |      24 |       3 |  11.1
        D:7 |     897 |    2223 |  71.2 |      19 |      10 |  34.5
        D:8 |    2299 |       3 |   0.1 |      26 |       2 |   7.1
        D:9 |    1725 |       0 |   0.0 |      30 |       0 |   0.0
       D:10 |    3690 |    6503 |  63.8 |      28 |      23 |  45.1
       D:11 |    3817 |     795 |  17.2 |      41 |       1 |   2.4
       D:12 |    5331 |    2587 |  32.7 |      22 |      26 |  54.2
       D:13 |    6484 |    3510 |  35.1 |      40 |       8 |  16.7
       D:14 |    8367 |    6952 |  45.4 |      48 |      12 |  20.0
       D:15 |    5916 |    4420 |  42.8 |      22 |       8 |  26.7
     Lair:1 |    3633 |       0 |   0.0 |      17 |       0 |   0.0
     Lair:2 |    4536 |    9199 |  67.0 |      22 |      58 |  72.5
     Lair:3 |    3117 |    3998 |  56.2 |      17 |       8 |  32.0
     Lair:4 |    5778 |    3766 |  39.5 |      29 |      20 |  40.8
     Lair:5 |    2088 |    1971 |  48.6 |      10 |       6 |  37.5
     Lair:6 |   18209 |    2295 |  11.2 |      43 |       5 |  10.4
    Snake:1 |   11413 |    2188 |  16.1 |      22 |       1 |   4.3
    Snake:2 |    4416 |    7340 |  62.4 |      10 |       8 |  44.4
    Snake:3 |   17341 |    8132 |  31.9 |      26 |       1 |   3.7
    Snake:4 |   20370 |   25432 |  55.5 |      42 |      42 |  50.0
      Orc:1 |    1927 |     812 |  29.6 |      21 |       1 |   4.5
      Orc:2 |    4836 |    8610 |  64.0 |      39 |      48 |  55.2
    Abyss:1 |    4824 |       0 |   0.0 |      22 |       0 |   0.0
      Sewer |       0 |      67 | 100.0 |       0 |      24 | 100.0
     Bailey |       0 |    1231 | 100.0 |       0 |      30 | 100.0
      IceCv |       0 |    4221 | 100.0 |       0 |      25 | 100.0
            +---------+---------+-------+---------+---------+-------
